 Dungeon Crawl Stone Soup version 0.21-a0-380-gd65dc97 (webtiles) character file.

520 CanOfBees the Conjurer (level 7, -3/62 HPs)
             Began as a Black Draconian Conjurer on Oct 17, 2017.
             Slain by a two-headed ogre
             ... wielding a +0 dire flail
              (4 damage)
             ... on level 4 of the Dungeon.
             The game lasted 00:17:57 (6575 turns).

CanOfBees the Conjurer (Black Draconian Conjurer)   Turns: 6575, Time: 00:17:57

Health: -3/62      AC:  8    Str: 15    XL:     7   Next: 1%
Magic:  1/12       EV: 12    Int: 23    God:
Gold:   199        SH:  0    Dex: 11    Spells: 3/13 levels left

rFire    . . .     SeeInvis .   e - +0 short sword
rCold    . . .     Gourm    +   (no shield)
rNeg     . . .     Faith    .   (armour unavailable)
rPois    .         Spirit   .   (helmet restricted)
rElec    +         Reflect  .   s - +0 cloak
rCorr    .         Harm     .   h - +0 pair of gloves
MR       .....     Clarity  +   (no boots)
Stlth    ++........             m - amulet of the gourmand
HPRegen  0.20/turn              l - +5 ring of strength
MPRegen  0.13/turn              (no ring)

@: brilliant
A: breathe lightning, unfitting armour, claws 1, clarity, robust 1, electricity
resistance, cold-blooded, AC +6
a: Breathe Lightning


You were on level 4 of the Dungeon.
You were very full.

You visited 2 branches of the dungeon, and saw 5 of its levels.

You collected 199 gold pieces.

Inventory:

Hand Weapons
 e - a +0 short sword (weapon)
Missiles
 g - 15 poisoned needles
 w - a tomahawk (quivered)
Armour
 h - a +0 pair of gloves (worn)
 s - a +0 cloak (worn)
Jewellery
 l - a +5 ring of strength (left hand)
 m - an amulet of the gourmand (around neck)
 q - an uncursed ring of flight
Wands
 E - a wand of flame (13/48)
 F - a wand of lightning (0/15)
Scrolls
 n - a scroll of enchant weapon
 t - a scroll of remove curse
 y - a scroll of recharging {unknown}
 D - a scroll of noise {unknown}
Potions
 c - a potion of lignification
 i - a potion of brilliance
 v - 2 potions of magic {unknown}
 A - a potion of flight {unknown}
 B - a potion of mutation
 C - a potion of agility {unknown}
 G - a potion of haste {unknown}
Books
 a - a book of Conjurations

   Spells                             Type                      Level
   a - Magic Dart                     Conjuration                  1
   b - Searing Ray                    Conjuration                  2
   c - Dazzling Spray                 Conjuration/Hexes            3
   d - Fulminant Prism                Conjuration/Hexes            4
   e - Force Lance                    Conjuration/Translocation    4
   f - Iskenderun's Mystic Blast      Conjuration                  4
 r - a book of Minor Magic

   Spells                             Type                      Level
   a - Magic Dart                     Conjuration                  1
   b - Blink                          Translocation                2
   c - Call Imp                       Summoning                    2
   d - Slow                           Hexes                        2
   e - Conjure Flame                  Conjuration/Fire             3
   f - Mephitic Cloud                 Conjuration/Poison/Air       3
Comestibles
 b - 5 bread rations
 f - 4 fruits
 o - 3 royal jellies
 z - a meat ration


   Skills:
 + Level 3.2 Fighting
 - Level 0.2 Short Blades
 - Level 2.0 Dodging
 - Level 1.8 Stealth
 - Level 0.6 Unarmed Combat
 * Level 3.9 Spellcasting
 + Level 5.4 Conjurations
 - Level 3.0 Hexes


You had 3 spell levels left.
You knew the following spells:

 Your Spells              Type           Power        Failure   Level  Hunger
a - Magic Dart            Conj           ####         1%          1    None
b - Searing Ray           Conj           #####.       1%          2    #......
c - Dazzling Spray        Conj/Hex       #####.       1%          3    ##.....
d - Iskenderun's Mystic   Conj           #####...     1%          4    ####...


Dungeon Overview and Level Annotations

Branches:
Dungeon (4/15)             Temple (1/1) D:4

Altars:
Ashenzari
Cheibriados
Elyvilon
Fedhas
Hepliaklqana
Kikubaaqudgha
Makhleb
Nemelex Xobeh
Okawaru
Qazlal
Ru
Sif Muna
Trog
Uskayaw
Wu Jian
Xom
Yredelemnul
Zin
The Shining One


Innate Abilities, Weirdness & Mutations

You can breathe wild blasts of lightning.
Your glossy black scales are hard. (AC +6)
You cannot fit into any form of body armour.
You are resistant to electric shocks. (rElec)
You are cold-blooded and may be slowed by cold attacks.
You have sharp fingernails.
You possess an exceptional clarity of mind.
You are robust. (+10% HP)


Message History

Really abort (and waste the scroll)? [Y]es or [N]o only, please.
Really abort (and waste the scroll)? [Y]es or [N]o only, please.
Really abort (and waste the scroll)? [Y]es or [N]o only, please.
Really abort (and waste the scroll)? [Y]es or [N]o only, please.
Really abort (and waste the scroll)? [Y]es or [N]o only, please.
Really abort (and waste the scroll)? [Y]es or [N]o only, please.
Really abort (and waste the scroll)?
Okay, then.
You feel less wooden.
Your +0 cloak unmelds from your body.
Your +0 pair of gloves unmelds from your body.
You have got your breath back.
The two-headed ogre hits you with a dire flail.
You die...

...............# #>.......#
.##.#..........# #......[.######
.##...#........####..............
...........................######
^####.#####...#####..............
.## #.#####.#####...(............
..# #....##.##....#......#.##.###
_.# ####.......#######...##.#...#
..####....)[#[[.@O=###...##.....#
.........).#######..###..##.....#
......>....########(# #......_..'
................###.# #.........#
......####.####O....# #..##.....#
....#..# #.# ####### #..####'#.#
#....#.###.# #..#.##.###
#........#.# ####### #..........
#..........####.....###..........


You could see a two-headed ogre.

Vanquished Creatures
  Eustachio (D:4)
  Blork the orc (Temple)
  A scorpion (D:3)
  A crimson imp (D:4)
  A worker ant (D:4)
  3 gnolls (D:2)
  5 adders
  An adder skeleton (D:4)
  5 worms
  2 dart slugs
  6 leopard geckos
  11 orcs
  2 ball pythons
  8 bats
  2 giant cockroaches
  6 goblins
  6 hobgoblins (D:1)
  6 jackals
  3 kobolds (D:2)
  3 quokkas
  6 frilled lizards
  4 goblin skeletons (D:4)
  A goblin zombie (D:4)
  A hobgoblin zombie (D:4)
  A kobold skeleton (D:4)
  2 kobold zombies (D:4)
  14 rats
103 creatures vanquished.

Notes
Turn   | Place    | Note
-------+----------+-------------------------------------------
     0 | D:1      | CanOfBees the Draconian Conjurer began the quest for the Orb.
     0 | D:1      | Reached XP level 1. HP: 14/14 MP: 3/3
   250 | D:1      | Reached XP level 2. HP: 14/20 MP: 5/5
   860 | D:1      | Learned a level 2 spell: Searing Ray
   956 | D:1      | Reached XP level 3. HP: 17/26 MP: 6/6
  1874 | D:2      | Reached skill level 1 in Fighting
  1939 | D:2      | Reached XP level 4. HP: 31/35 MP: 3/8
  2116 | D:2      | Found a glowing golden altar of the Shining One.
  2252 | D:2      | Found a deep blue altar of Sif Muna.
  2486 | D:2      | Learned a level 3 spell: Dazzling Spray
  2576 | D:3      | Found a sacrificial altar of Ru.
  3134 | D:3      | Found an iron altar of Okawaru.
  3414 | D:3      | Reached skill level 1 in Hexes
  3511 | D:3      | Noticed a moth of wrath
  3514 | D:3      | Found a bloodstained altar of Trog.
  3544 | D:3      | Reached XP level 5. HP: 27/41 MP: 1/9
  3939 | D:3      | Found a blossoming altar of Fedhas.
  4281 | D:3      | Learned a level 4 spell: Iskenderun's Mystic Blast
  4321 | D:4      | Found a snail-covered altar of Cheibriados.
  4352 | D:4      | Found a staircase to the Ecumenical Temple.
  4375 | D:4      | Noticed Blork the orc
  4381 | D:4      | Noticed Eustachio
  4381 | Temple   | Entered the Ecumenical Temple
  4409 | Temple   | Killed Blork the orc
  4409 | Temple   | Reached skill level 5 in Conjurations
  4783 | D:3      | Reached XP level 6. HP: 21/50 MP: 1/11
  5349 | D:4      | Found a glowing golden altar of the Shining One.
  5534 | D:4      | Killed Eustachio
  6232 | D:4      | Found a glowing silver altar of Zin.
  6307 | D:4      | Noticed a two-headed ogre
  6458 | D:4      | Your scales start taking on a glossy black colour.
  6458 | D:4      | Reached XP level 7. HP: 57/57 MP: 9/12
  6458 | D:4      | Gained mutation: You are resistant to electric shocks. (rElec) [Black Draconian growth]
  6501 | D:4      | Found a deep blue altar of Sif Muna.
  6501 | D:4      | Found a sparkling altar of Nemelex Xobeh.
  6501 | D:4      | Found a shattered altar of Ashenzari.
  6555 | D:4      | Gained mutation: You have sharp fingernails. [potion of mutation]
  6555 | D:4      | Gained mutation: You possess an exceptional clarity of mind. [potion of mutation]
  6555 | D:4      | Gained mutation: You are robust. (+10% HP) [potion of mutation]
  6573 | D:4      | HP: 2/93 [two-headed ogre/dire flail (9)]
  6575 | D:4      | Slain by a two-headed ogre

Vault maps used:
D:1:      tarquinn_simple_flora_water_b
D:2:      lemuel_doored_altar, lemuel_blue_sif_altar
D:3:      nicolae_ru_sacrificial_ziggurat, nicolae_overflow_hidden_temple,
          tgw_trog, okawaru_gym_becter, portal_sewer_entry_d,
          minmay_misc_feat_tower
D:4:      cheibriados_altar_1, lemuel_crystal_altar,
          gammafunk_temple_overflow_claw, minmay_temple_entry_glass,
          nicolae_tso_besieged_by_evil, uniq_blork_the_orc, uniq_eustachio
Temple:   chequers_temple_sunken

Skill      XL: |  1  2  3  4  5  6 |
---------------+-------------------+-----
Dodging        | 2 |  2.0
Fighting       | 1 2 3 |  3.2
Spellcasting   | 3 |  3.9
Hexes          | 1 2 3 |  3.0
Conjurations   | 5 |  5.4
Short Blades   | |  0.2
Stealth        | |  1.8
Unarmed Combat | |  0.6

Action                   |  1- 3 |  4- 6 |  7- 9 || total
-------------------------+-------+-------+-------++-------
Melee: Unarmed           |    44 |       |       ||    44
       Tailslap          |     8 |    22 |       ||    30
       Short sword       |    85 |   202 |       ||   287
Throw: Tomahawk          |       |     2 |     1 ||     3
 Cast: Magic Dart        |     8 |    70 |     7 ||    85
       Searing Ray       |     3 |    13 |       ||    16
       Dazzling Spray    |       |     2 |     1 ||     3
       Iskenderun's Myst |       |       |     1 ||     1
 Abil: Breathe Lightning |       |       |     2 ||     2
Evoke: Wand              |       |     1 |     4 ||     5
  Use: Scroll            |       |     7 |     1 ||     8
       Potion            |       |     3 |     8 ||    11
 Stab: Sleeping          |     2 |     2 |       ||     4
       Distracted        |     1 |       |       ||     1
       Invisible         |       |     1 |       ||     1
  Eat: Chunk             |     4 |    16 |     1 ||    21
       Meat ration       |       |     1 |       ||     1
Armor: Skin              |    48 |    95 |    16 ||   159
Dodge: Dodged            |    89 |   168 |     4 ||   261

Table legend:
 A = Spawn XP
 B = Non-spawn XP
 C = Spawn XP percentage of total XP
 D = Spawn monster count
 E = Non-spawn monster count
 F = Spawn count percentage of total count
 G = Total turns spent on level
                    A         B        C        D         E        F      G
               +---------+---------+-------+---------+---------+-------+---------
         Total |       0 |     743 |   0.0 |       0 |     103 |   0.0 |  6575
               +---------+---------+-------+---------+---------+-------+---------
           D:1 |       0 |      51 |   0.0 |       0 |      28 |   0.0 |  1743
           D:2 |       0 |      75 |   0.0 |       0 |      21 |   0.0 |   748
           D:3 |       0 |     174 |   0.0 |       0 |      30 |   0.0 |  2313
           D:4 |       0 |     343 |   0.0 |       0 |      23 |   0.0 |  1436
        Temple |       0 |     100 |   0.0 |       0 |       1 |   0.0 |   335
               +---------+---------+-------+---------+---------+-------+---------
